 Dungeon Crawl Stone Soup version 0.23-a0-448-g1c01f63 (webtiles) character file.

462342 Amnesiac the Spry (level 23, 0/136 (137) HPs)
             Began as a Spriggan Fighter on Nov 19, 2018.
             Was the Champion of Okawaru.
             Killed from afar by a deep troll earth mage (23 damage)
             ... with a blast of rock fragments
             ... on level 3 of the Depths on Nov 20, 2018.
             The game lasted 02:57:55 (63127 turns).

Amnesiac the Spry (Spriggan Fighter)               Turns: 63127, Time: 02:57:56

HP:   0/136 (137)   AC: 11    Str: 25    XL:     23   Next: 38%
MP:   0/38          EV: 32    Int: 15    God:    Okawaru [******]
Gold: 1267          SH: 11    Dex: 21    Spells: 24/42 levels left

rFire    . . .     SeeInvis +   a - +7 demon blade (slice)
rCold    + . .     Gourm    .   U - +2 buckler "Joshruag" {rF+ rC+ Dex+3}
rNeg     . . .     Faith    .   q - +1 shadow dragon scales
rPois    +         Spirit   +   S - +2 hat {Int+3}
rElec    .         Reflect  .   y - +2 cloak {MR+}
rCorr    .         Harm     .   (gloves unavailable)
MR       +++++     Clarity  +   (boots unavailable)
Stlth    ++++++....             Q - amulet of guardian spirit
HPRegen  0.32/turn              W - +2 ring of slaying
MPRegen  0.26/turn              G - ring "Tijuthret" {rPois rF- Str+6 Slay+5}

@: about to teleport, corroded, deflect missiles, very quick
A: very small, unfitting armour, horns 1, see invisible, agile 1, clarity,
herbivore, speed 3, slow metabolism 2
}: 2/15 runes: decaying, serpentine
a: Heroism, Finesse, Renounce Religion


You were on level 3 of the Depths.
You worshipped Okawaru.
Okawaru was exalted by your worship.
You were full.

You visited 10 branches of the dungeon, and saw 43 of its levels.
You also visited: Ice Cave and Volcano.

You collected 5631 gold pieces.
You spent 4364 gold pieces at shops.

Inventory:

Hand Weapons
 a - a +7 demon blade of slicing (weapon)
 b - a +3 quick blade of piercing
 w - a +0 blowgun
Missiles
 x - 6 throwing nets (quivered)
 B - 24 needles of confusion
 C - 414 arrows
 D - 7 needles of paralysis
 E - 27 curare-tipped needles
Armour
 q - +1 shadow dragon scales (worn)
 y - a +2 cloak of magic resistance (worn)
 S - a +2 hat of intelligence (worn)
 U - the +2 buckler "Joshruag" (worn) {rF+ rC+ Dex+3}
   (Okawaru gifted it to you on level 12 of the Dungeon)

   It affects your dexterity (+3).
   It protects you from fire.
   It protects you from cold.
Jewellery
 G - the ring "Tijuthret" (right hand) {rPois rF- Str+6 Slay+5}
   (You bought it in a shop on level 1 of the Vaults)

   [ring of poison resistance]

   It affects your strength (+6).
   It affects your accuracy and damage with ranged weapons and melee attacks
   (+5).
   It makes you vulnerable to fire.
   It protects you from poison.
 Q - an amulet of guardian spirit (around neck)
 V - the ring "Highoj" {+Blink +Inv AC+1}
   (You took it off a vampire knight on level 1 of the Depths)

   [ring of protection]

   It affects your AC (+1).
   It lets you turn invisible.
   It lets you blink.
 W - a +2 ring of slaying (left hand)
 Z - an uncursed ring of wizardry
Wands
 h - a wand of iceblast (30)
 l - a wand of digging (19)
 o - a wand of enslavement (2)
 p - a wand of scattershot (4)
 Y - a wand of paralysis (10)
Scrolls
 e - 2 scrolls of holy word {!r}
 g - 7 scrolls of fog {!r}
 j - 2 scrolls of vulnerability {!r}
 k - 9 scrolls of teleportation {!r}
 m - 13 scrolls of remove curse {!r}
 r - 9 scrolls of magic mapping {!r}
 v - 2 scrolls of silence {!r}
 I - 6 scrolls of fear {!r}
 J - 5 scrolls of blinking {!r}
 L - 16 scrolls of identify {!r}
Potions
 d - 7 potions of might {!q}
 i - 8 potions of flight {!q}
 n - 9 potions of heal wounds {!q}
 t - a potion of resistance {!q}
 z - 9 potions of brilliance {!q}
 F - 4 potions of magic {!q}
 H - a potion of berserk rage {!q}
 K - 3 potions of mutation {!q}
 N - a potion of cancellation {!q}
 O - 3 potions of curing {!q}
 P - 2 potions of agility {!q}
 R - 9 potions of haste {!q}
Miscellaneous
 c - 2 phantom mirrors
 f - a sack of spiders
 s - a lamp of fire
 A - a lightning rod (1/4)
 M - a phial of floods
 T - 4 boxes of beasts
Comestibles
 u - 13 rations


   Skills:
 - Level 20.2 Fighting
 - Level 14.0 Long Blades
 + Level 14.8 Armour
 - Level 20.6 Dodging
 - Level 10.0 Stealth
 - Level 7.2 Shields
 - Level 10.0 Spellcasting
 - Level 10.0 Conjurations
 - Level 4.0 Hexes
 - Level 10.0 Charms
 - Level 2.0 Necromancy
 - Level 4.0 Transmutations
 - Level 6.0 Air Magic
 - Level 4.0 Earth Magic
 - Level 8.0 Invocations
 - Level 8.0 Evocations


You had 24 spell levels left.
You knew the following spells:

 Your Spells              Type           Power        Failure   Level  Hunger
a - Animate Skeleton      Necr           N/A          17%         1    None
b - Passwall              Tmut/Erth      ###.....     11%         2    None
c - Deflect Missiles      Chrm/Air       ####......   91%         6    ######.
d - Sticks to Snakes      Tmut           ###.....     11%         2    None
r - Regeneration          Chrm/Necr      ####......   10%         3    None
s - Conjure Flame         Conj/Fire      ###.....     14%         3    None
z - Confusing Touch       Hex            ###...       8%          1    None

Your spell library contained the following spells:

 Spells                   Type           Power        Failure   Level  Hunger
 Magic Dart               Conj           ####         1%          1    None
 Shock                    Conj/Air       ####         1%          1    None
 Swiftness                Chrm/Air       ####....     2%          2    None
 Flame Tongue             Conj/Fire      ###..        4%          1    None
 Static Discharge         Conj/Air       ####....     4%          3    None
 Beastly Appendage        Tmut           ###...       8%          1    None
 Corona                   Hex            ###....      8%          1    None
 Sandblast                Erth           ###...       8%          1    None
 Shroud of Golubria       Chrm/Tloc      ###.......   8%          2    None
 Throw Flame              Conj/Fire      ###...       8%          2    None
 Throw Frost              Conj/Ice       ###...       8%          2    None
 Slow                     Hex            ###.....     11%         2    None
 Ozocubu's Armour         Chrm/Ice       ###.....     14%         3    None
 Pain                     Necr           ##..         17%         1    None
 Confuse                  Hex            ###.....     22%         3    None
 Airstrike                Air            ####......   32%         4    ###....
 Freeze                   Ice            #...         36%         1    None
 Lightning Bolt           Conj/Air       ####......   36%         5    #####..
 Force Lance              Conj/Tloc      ###.....     43%         4    ###....
 Sticky Flame             Conj/Fire      ###.....     43%         4    ###....
 Throw Icicle             Conj/Ice       ###.....     43%         4    ###....
 Inner Flame              Hex/Fire       ##......     45%         3    None
 Portal Projectile        Hex/Tloc       ##....       45%         3    None
 Spider Form              Tmut/Pois      ##........   45%         3    None
 Vampiric Draining        Necr           ##........   45%         3    None
 Irradiate                Conj/Tmut      ####......   52%         5    #####..
 Cause Fear               Hex            ###.......   58%         4    ###....
 Leda's Liquefaction      Hex/Erth       ###.......   58%         4    ###....
 Petrify                  Tmut/Erth      ###.....     58%         4    ###....
 Summon Lightning Spire   Summ/Air       ###.....     73%         4    ###....
 Gell's Gravitas          Tloc           #.........   75%         3    None
 Recall                   Summ/Tloc      N/A          75%         3    None
 Fireball                 Conj/Fire      ###.......   80%         5    #####..
 Silence                  Hex/Air        ###.......   80%         5    #####..
 Venom Bolt               Conj/Pois      ###.......   80%         5    #####..
 Animate Dead             Necr           N/A          86%         4    ###....
 Ice Form                 Ice/Tmut       ##......     86%         4    ###....
 Blade Hands              Tmut           ###.......   90%         5    #####..
 Lee's Rapid Deconstruct  Erth           ###.......   90%         5    #####..
 Yara's Violent Unravell  Hex/Tmut       ###.......   90%         5    #####..
 Conjure Ball Lightning   Conj/Air       ####......   91%         6    ######.
 Borgnjor's Vile Clutch   Necr/Erth      ###.......   97%         5    #####..
 Iron Shot                Conj/Erth      ####......   97%         6    ######.
 Passage of Golubria      Tloc           N/A          98%         4    ###....
 Summon Ice Beast         Ice/Summ       #.......     98%         4    ###....
 Metabolic Englaciation   Hex/Ice        ##........   99%         5    #####..
 Bolt of Fire             Conj/Fire      ###.......   100%        6    ######.
 Darkness                 Hex            ###.......   100%        6    ######.
 Death Channel            Necr           ##........   100%        6    ######.
 Dispersal                Tloc           #.........   100%        6    ######.
 Freezing Cloud           Conj/Ice/Air   ###.......   100%        6    ######.
 Hydra Form               Tmut           ###.......   100%        6    ######.
 Invisibility             Hex            ###.....     100%        6    ######.
 Poison Arrow             Conj/Pois      ###.......   100%        6    ######.
 Simulacrum               Ice/Necr       ##........   100%        6    ######.
 Statue Form              Tmut/Erth      ###......    100%        6    ######.
 Dragon Form              Tmut           ###.......   100%        7    #######
 Chain Lightning          Conj/Air       ####......   100%        8    #######
 Discord                  Hex            ###.......   100%        8    #######
 Lehudib's Crystal Spear  Conj/Erth      ####......   100%        8    #######
 Dragon's Call            Summ           #.........   100%        9    #######
 Fire Storm               Conj/Fire      ###.......   100%        9    #######
 Glaciate                 Conj/Ice       ###.......   100%        9    #######
 Tornado                  Air            ####......   100%        9    #######


Dungeon Overview and Level Annotations

Branches:
Dungeon (15/15)            Temple (1/1) D:5            Lair (6/6) D:8
  Swamp (4/4) Lair:3        Snake (4/4) Lair:2        Slime (1/5) Lair:6
    Orc (2/2) D:11            Elf (3/3) Orc:2        Vaults (4/5) D:13
  Crypt (0/3) Vaults:3     Depths (3/5) D:15

Altars:
Ashenzari
Cheibriados
Dithmenos
Elyvilon
Fedhas
Gozag
Hepliaklqana
Kikubaaqudgha
Makhleb
Nemelex Xobeh
Okawaru
Qazlal
Ru
Sif Muna
Trog
Uskayaw
Vehumet
Wu Jian
Xom
Yredelemnul
Zin
The Shining One
Beogh
Jiyva

Shops:
D:13 *   D:14 !   Orc:1 [   Orc:2 [(%?   Elf:1 *(%*   Elf:2 [   Snake:2 *
Vaults:1 =?   Vaults:3 :   Depths:2 =}=

Portals:
Hell: Lair:6 Depths:1 Depths:2 Depths:3
Abyss: Depths:2
Pandemonium: Depths:2 Depths:3
Trove: Vaults:2 (give 4 potions of resistance)

Annotations:
Snake:2 3 runed doors, Lufyqa Hiru's ghost, adept MfIE; Pedwao's ghost, adept DrWn; Sefexkig's ghost, adept MfIE


Innate Abilities, Weirdness & Mutations

You are very small and have problems with some larger weapons.
You are too small for most types of armour.
You have supernaturally acute eyesight. (SInv)
You are a herbivore.
You cover ground extremely quickly.
You need to consume almost no food.
You have a pair of small horns on your head.
You are agile. (Dex +2)
You possess an exceptional clarity of mind.


Message History

The thunderbolt hits the caustic shrike.
The caustic shrike is severely wounded.
The thunderbolt hits the tengu warrior.
The tengu warrior is lightly wounded.
You hear a shout! x4
The caustic shrike completely misses you.
The caustic shrike misses you.
Evoke which item? (* to show all) (? for menu, Esc to quit)
Aiming: Thunderbolt
Press: ? - help, Shift-Dir - straight line, p - tengu warrior The thunderbolt hits the caustic shrike.
The caustic shrike is almost dead.
The thunderbolt hits the tengu warrior.
The tengu warrior is heavily wounded.
You hear a shout!
The caustic shrike claws you!
* * * LOW HITPOINT WARNING * * *
The acid corrodes you!
You are splashed with acid!
The acid burns!
* * * LOW HITPOINT WARNING * * *
The caustic shrike completely misses you.
Evoke which item? (* to show all) (? for menu, Esc to quit)
Aiming: Thunderbolt
Press: ? - help, Shift-Dir - straight line The thunderbolt hits the caustic shrike.
You kill the caustic shrike!
Okawaru accepts your kill.
The thunderbolt hits the tengu reaver.
The tengu reaver is heavily wounded.
You hear a grinding noise.
Evoke which item? (* to show all) (? for menu, Esc to quit)
Aiming: Thunderbolt
Press: ? - help, Shift-Dir - straight line The thunderbolt hits the tengu warrior.
You kill the tengu warrior!
Okawaru accepts your kill.
The lightning rod overheats!
Evoke which item? (* to show all) (? for menu, Esc to quit)
Aiming: Paralyse
Press: ? - help, Shift-Dir - straight line The tengu reaver suddenly stops moving!
A spriggan berserker comes into view. It is wielding a +0 quarterstaff.
The helpless tengu reaver fails to defend itself.
You slice the tengu reaver!!
The tengu reaver is almost dead.
The helpless tengu reaver fails to defend itself.
You hit the tengu reaver.
The tengu reaver is almost dead.
A deep troll comes into view.
Some rock shatters into small pieces.
A green very ugly thing comes into view.
A deep troll earth mage comes into view.
The deep troll earth mage shouts!
A deep troll, a deep troll earth mage and a deep troll shaman come into view.
The helpless tengu reaver fails to defend itself.
You slash the tengu reaver!
You kill the tengu reaver!
Okawaru accepts your kill.
Your lightning rod (1/4) has regained one charge.
Really read
k - 10 scrolls of teleportation {!r}?
As you read the scroll of teleportation {!r}, it crumbles to dust.
You feel strangely unstable.
The deep troll earth mage gestures at the deep troll earth mage while chanting.
The wall shatters!
The blast of rock fragments hits you!
You die...

##).#()...#.....####
#.).))..#......##.[##
#:..#.#........'....#
#...#........#.#...∩#
#(..#......#.†)+...?#
#...+....#.....##.[##
##..#..#........####
####............#
#...........@#
##...........)...#
.........i#...#
....#......#T##
.....#....T.TuT #####
+#.........


'T. ##[<.## #.....#... #.. #.....# ......#... +# #..>..## ##...##. You could see
a green very ugly thing, 2 deep trolls, a spriggan berserker, 2 deep troll earth
magi and a deep troll shaman.

Vanquished Creatures
  Saint Roka (Snake:3)
  Boris (Depths:3)
  Vashnia (Snake:3)
  the Lernaean hydra (Swamp:4)
  3 caustic shrikes
  Nikola (Vaults:2)
  An Ice Fiend (IceCv)
  Rupert (D:14)
  5 acid blobs (Depths:1)
  2 deep elf master archers (Elf:3)
  2 deep elf blademasters (Elf:3)
  2 sphinxes
  A thorn hunter (Swamp:4)
  Frances (D:14)
  The ghost of Cosy the Earth Mage, an adept GrEE of Vehumet (D:15)
  Kirke (D:12)
  2 tengu reavers
  Roxanne (Elf:3)
  A shadow dragon (Depths:3)
  11 nagarajas
  2 azure jellies
  7 fire giants
  4 frost giants
  12 vault wardens
  4 deep elf sorcerers
  Louise (Snake:3)
  11 very ugly things
  11 ironheart preservers
  7 deep elf elementalists (Elf:3)
  The ghost of Ratty the Lord of Darkness, a journeyman DsNe of Kikubaaqudgha (Snake:4)
  6 stone giants
  A large abomination (Vaults:4)
  5 deep elf demonologists
  3 vampire knights
  7 deep elf annihilators
  Nessos (D:14)
  A red draconian (Volcano)
  The ghost of Cewnone the Nimble, a journeyman SpBe of Trog (Depths:1)
  Azrael (Snake:2)
  Snorg (D:12)
  7 ettins
  6 deep elf death magi
  5 spark wasps
  A jiangshi (Vaults:3)
  Josephine (D:9)
  4 fire dragons
  6 yaktaur captains
  17 ogre magi
  Fannar (Lair:3)
  4 deep elf high priests (Elf:3)
  8 great orbs of eyes
  14 naga warriors
  5 rakshasas
  15 vault guards
  21 hydras
  3 anacondas
  12 ice dragons
  A catoblepas (Lair:6)
  A ghost crab (Swamp:4)
  A hell beast (Lair:6)
  3 shambling mangroves
  A spectral stone giant (D:15)
  4 centaur warriors
  26 dancing weapons
  18 alligators
  53 two-headed ogres
  A deep troll shaman (Vaults:4)
  4 death knights
  A vampire mage (Vaults:3)
  6 tengu warriors
  2 deep troll earth magi
  5 orc high priests (Orc:2)
  A shock serpent (Snake:4)
  Urug (D:10)
  A spriggan berserker (Depths:1)
  14 naga sharpshooters
  Sonja (D:12)
  A small abomination (Elf:3)
  A hell knight (D:15)
  30 deep elf knights
  2 shadow wraiths
  A fire crab (shapeshifter) (Vaults:2)
  13 skeletal warriors
  A salamander mystic (Depths:2)
  An unseen horror (D:13)
  A glowing orange brain (Depths:2)
  3 spriggan druids
  3 deep trolls (Vaults:4)
  2 flayed ghosts
  12 swamp dragons
  A lindwurm (Lair:4)
  3 wizards
  14 deep elf archers
  11 ironbrand convokers
  2 naga ritualists
  3 harpies (Vaults:3)
  18 orc knights
  Pikel (D:5)
  2 phantasmal warriors (D:15)
  An orb spider (shapeshifter) (Depths:3)
  4 wolf spiders
  2 necromancers (Vaults:1)
  87 deep elf magi
  2 shining eyes
  4 mana vipers
  67 ugly things
  10 salamanders
  6 cyclopes
  A manticore (shapeshifter) (Vaults:4)
  4 manticores
  A spectral ice dragon (D:15)
  5 orc sorcerers
  4 guardian serpents
  10 naga magi
  A moth of wrath (shapeshifter) (D:15)
  31 black mambas
  2 ice statues
  10 vault sentinels
  3 elephants (Lair:3)
  A black mamba (shapeshifter) (Depths:3)
  3 orange demons (Lair:6)
  A smoke demon (Lair:6)
  Psyche (D:8)
  2 gargoyles
  5 centaur skeletons
  19 spiny frogs
  10 komodo dragons
  6 rime drakes
  2 efreet (D:14)
  2 kobold demonologists
  44 yaktaurs
  An anaconda simulacrum (IceCv)
  2 red devils (Lair:6)
  The ghost of Nr616 the Cudgeler, a novice GrFi (D:4)
  10 freezing wraiths
  8 tengu conjurers
  A komodo dragon (shapeshifter) (Vaults:1)
  10 trolls
  9 ice devils
  2 guardian mummies (Vaults:2)
  3 golden dragon simulacra (IceCv)
  A meliai (shapeshifter) (Depths:2)
  A jumping spider (shapeshifter) (Depths:1)
  2 polar bears
  8 tyrant leeches
  19 hornets
  7 blink frogs
  2 raiju (shapeshifter)
  61 slime creatures
  15 hippogriffs
  5 dream sheep (Lair:6)
  9 bog bodies
  Grinder (D:2)
  A vampire (D:11)
  2 centaur simulacra
  11 spriggans
  5 shadows
  Sigmund (D:2)
  7 water elementals
  5 air elementals
  3 dire elephant simulacra (IceCv)
  6 wraiths
  63 yaks
  9 redbacks
  8 fire elementals
  A steam dragon (D:11)
  A human (D:13)
  11 wyverns
  Grum (D:10)
  4 basilisks
  2 death yak simulacra (IceCv)
  4 hungry ghosts
  9 wargs
  12 swamp worms
  21 insubstantial wisps
  26 vampire mosquitoes
  4 harpy simulacra
  A tengu zombie (D:15)
  47 nagas
  2 acid dragons
  9 water moccasins
  5 porcupines
  5 hell hounds (Lair:6)
  47 orc warriors
  4 floating eyes
  16 swamp drakes
  2 eyes of draining (D:14)
  4 hydra simulacra (IceCv)
  6 ice beasts
  2 sky beasts
  4 black bears
  An ice dragon simulacrum (Vaults:1)
  A slave (D:5)
  2 eyes of draining (shapeshifter)
  2 phantoms
  An ettin simulacrum (IceCv)
  14 centaurs
  33 ogres
  6 wolves
  3 boggarts
  A tengu (shapeshifter) (D:14)
  11 crocodiles
  4 big kobolds
  15 bullfrogs
  An earth elemental (Elf:1)
  A gnoll sergeant (D:10)
  3 wyvern skeletons
  3 scorpions
  An elephant simulacrum (IceCv)
  25 killer bees
  A swamp dragon simulacrum (IceCv)
  6 wights
  A vampire bat (Lair:3)
  7 howler monkeys
  An electric eel (Lair:3)
  A draconian simulacrum (IceCv)
  11 crimson imps
  6 jellies
  10 hounds
  3 centaur zombies
  2 gnoll shamans
  30 orc priests
  16 orc wizards
  Terence (D:1)
  A hell rat (Lair:6)
  3 iguanas
  Natasha (thrice) (D:2)
  3 troll simulacra (IceCv)
  A polar bear simulacrum (IceCv)
  A spriggan simulacrum (IceCv)
  10 worker ants
  2 hound zombies
  2 hound skeletons
  A howler monkey zombie (D:10)
  A mummy (D:4)
  2 worker ant zombies
  A howler monkey skeleton (D:8)
  18 adders
  26 gnolls
  5 naga simulacra (IceCv)
  2 shadow imps
  8 white imps (IceCv)
  9 ufetubi
  2 oozes (Depths:1)
  An adder zombie (D:3)
  3 adder skeletons
  3 worms
  2 dart slugs
  8 leopard geckos
  114 orcs
  15 bats
  3 giant cockroaches
  6 goblins
  8 hobgoblins
  15 jackals
  14 kobolds
  8 quokkas
  4 frilled lizards
  2 leopard gecko skeletons
  2 leopard gecko zombies
  A quokka zombie (D:5)
  4 rats
  A spectral orc (D:6)
  4 crawling corpses (Elf:3)
  2 fire vortices (Depths:2)
  2 plants
1975 creatures vanquished.

Vanquished Creatures (others)
  2 alligators
  A deep troll (Vaults:4)
  A deep elf archer (Elf:3)
  2 hornets
  A spriggan (Swamp:3)
  A yak (D:12)
  A vampire mosquito (Swamp:4)
  2 swamp drakes (Swamp:4)
  2 ogres
  A jelly (D:5)
  An adder (D:5)
  2 white imps (IceCv)
  7 ufetubi
  11 fungi
  3 plants
  2 withered plants (Snake:2)
40 creatures vanquished.

Grand Total: 2015 creatures vanquished

Notes
Turn   | Place    | Note
-------+----------+-------------------------------------------
     0 | D:1      | Amnesiac the Spriggan Fighter began the quest for the Orb.
     0 | D:1      | Reached XP level 1. HP: 11/11 MP: 2/2
   190 | D:1      | Reached XP level 2. HP: 14/16 MP: 3/3
   662 | D:2      | Noticed Terence
   687 | D:1      | Killed Terence
   687 | D:1      | Reached skill level 5 in Dodging
   687 | D:1      | Reached XP level 3. HP: 11/19 MP: 4/4
   974 | D:3      | Noticed Grinder
   996 | D:2      | Noticed Sigmund
  1151 | D:2      | Reached XP level 4. HP: 6/23 MP: 5/5
  1453 | D:2      | Noticed Natasha
  1526 | D:2      | Killed Natasha
  1550 | D:2      | Noticed Natasha
  1776 | D:2      | Killed Natasha
  1776 | D:2      | Reached XP level 5. HP: 16/27 MP: 6/6
  1902 | D:2      | Noticed Natasha
  1922 | D:2      | Killed Natasha
  2062 | D:2      | Killed Sigmund
  2062 | D:2      | Reached XP level 6. HP: 22/32 MP: 7/7
  2644 | D:3      | Found a blossoming altar of Fedhas.
  2980 | D:3      | Reached skill level 5 in Long Blades
  3275 | D:4      | Found a transporter.
  3310 | D:4      | Found a transporter.
  3312 | D:4      | Noticed Nr616's ghost (novice GrFi)
  3368 | D:4      | Reached XP level 7. HP: 30/35 MP: 8/8
  4374 | D:5      | Entered Level 5 of the Dungeon
  5047 | D:5      | Noticed Pikel
  5100 | D:5      | Found a staircase to the Ecumenical Temple.
  5105 | Temple   | Entered the Ecumenical Temple
  5174 | Temple   | Became a worshipper of Warmaster Okawaru
  5276 | D:2      | Killed Grinder
  5276 | D:2      | Reached XP level 8. HP: 40/40 MP: 9/9
  5434 | D:5      | Reached skill level 1 in Evocations
  5541 | D:5      | Killed Pikel
  5541 | D:5      | Reached * piety under Okawaru
  6384 | D:6      | Reached ** piety under Okawaru
  6522 | D:6      | Reached XP level 9. HP: 41/44 MP: 12/12
  6636 | D:6      | Found a basalt altar of Yredelemnul.
  7036 | D:6      | Reached skill level 10 in Dodging
  8800 | D:7      | Reached *** piety under Okawaru
  8831 | D:7      | Reached skill level 5 in Evocations
  8946 | D:8      | Noticed an ice devil
  8946 | D:8      | Noticed an ice devil
  8947 | D:8      | Noticed an ice devil
  8947 | D:8      | Noticed an ice devil
  8947 | D:8      | Noticed an ice statue
  8969 | D:8      | Noticed a two-headed ogre
 10663 | D:8      | Found a staircase to the Lair.
 10712 | D:8      | Noticed Psyche
 10820 | D:8      | Noticed an ice devil
 10960 | D:8      | Killed Psyche
 10960 | D:8      | Reached XP level 10. HP: 39/49 MP: 15/15
 12046 | D:9      | Reached **** piety under Okawaru
 12071 | D:9      | Reached skill level 5 in Invocations
 12145 | D:9      | Got a fine quarterstaff
 12819 | D:9      | You fall through a shaft!
 12819 | D:10     | Entered Level 10 of the Dungeon
 12909 | D:10     | Noticed Josephine
 12947 | D:9      | Reached ***** piety under Okawaru
 13383 | D:10     | Noticed Urug
 13575 | D:10     | Noticed Grum
 13603 | D:10     | Killed Grum
 13607 | D:10     | Reached XP level 11. HP: 51/53 MP: 18/18
 13692 | D:10     | Noticed a two-headed ogre
 13957 | D:9      | Killed Josephine
 14051 | D:10     | Killed Urug
 14309 | D:10     | Reached skill level 5 in Fighting
 14892 | D:10     | Killed a two-headed ogre
 14892 | D:10     | Received a gift from Okawaru
 15061 | D:11     | Reached ****** piety under Okawaru
 15085 | D:11     | Noticed a brown ugly thing
 15110 | D:11     | Killed a brown ugly thing
 15369 | D:11     | Reached skill level 5 in Shields
 15447 | D:11     | Found Teihos's Food Emporium.
 15551 | D:11     | Found a staircase to the Orcish Mines.
 15787 | Orc:1    | Entered Level 1 of the Orcish Mines
 15793 | Orc:1    | Noticed a two-headed ogre
 15819 | Orc:1    | Killed a two-headed ogre
 15828 | Orc:1    | Received a gift from Okawaru
 15832 | Orc:1    | Noticed an orc sorcerer
 15847 | Orc:1    | Killed an orc sorcerer
 16072 | Orc:2    | Entered Level 2 of the Orcish Mines
 16174 | Orc:2    | Reached XP level 12. HP: 62/62 MP: 19/19
 16221 | Orc:2    | Found a staircase to the Elven Halls.
 16223 | Orc:2    | Noticed an ettin
 16249 | Orc:2    | Killed an ettin
 16405 | Orc:1    | Found Cerpheej's Antique Armour Shoppe.
 16407 | Orc:1    | Found a roughly hewn altar of Beogh.
 16764 | Orc:2    | Reached skill level 10 in Long Blades
 16956 | Orc:2    | Received a gift from Okawaru
 17112 | Orc:2    | Noticed an orc high priest
 17144 | Orc:2    | Killed an orc high priest
 17183 | Orc:2    | Noticed an orc high priest
 17199 | Orc:2    | Noticed an orc high priest
 17226 | Orc:2    | Killed an orc high priest
 17240 | Orc:2    | Killed an orc high priest
 17548 | Orc:2    | Noticed an orc high priest
 17567 | Orc:2    | Killed an orc high priest
 17567 | Orc:2    | Received a gift from Okawaru
 17724 | Orc:2    | Noticed an orc high priest
 17748 | Orc:2    | Killed an orc high priest
 17748 | Orc:2    | Reached XP level 13. HP: 68/68 MP: 13/20
 17759 | Orc:2    | Found Etoade's Magic Scroll Shop.
 17759 | Orc:2    | Found Deecel's Antique Armour Shop.
 17760 | Orc:2    | Found Kistebo's Food Shop.
 17760 | Orc:2    | Found Benlay's Antique Weapon Boutique.
 17775 | Orc:2    | Bought a scroll of brand weapon for 340 gold pieces
 17813 | Orc:2    | Bought a runed quick blade for 576 gold pieces
 18060 | Lair:1   | Entered Level 1 of the Lair of Beasts
 18206 | Lair:1   | Reached skill level 1 in Stealth
 18558 | Lair:1   | Found an ornate altar of the Wu Jian Council.
 19071 | Lair:2   | Received a gift from Okawaru
 19160 | Lair:2   | Found a staircase to the Snake Pit.
 19568 | Lair:3   | Reached skill level 5 in Stealth
 19722 | Lair:3   | Noticed Fannar
 19733 | Lair:3   | Reached skill level 1 in Armour
 19765 | Lair:3   | Killed Fannar
 20142 | Lair:3   | HP: 3/70 [poison (poison gas)]
 20147 | Lair:3   | HP: 2/70 [poison (poison gas)]
 20152 | Lair:3   | HP: 1/70 [poison (poison gas)]
 20157 | Lair:3   | HP: 2/70 [poison (poison gas)]
 20162 | Lair:3   | HP: 3/70 [poison (poison gas)]
 20448 | Lair:3   | Found a staircase to the Swamp.
 21033 | Lair:4   | Learned a level 3 spell: Regeneration
 21275 | Lair:4   | Found a dark tunnel.
 21326 | Volcano  | Entered a volcano
 21346 | Volcano  | Found a radiant altar of Vehumet.
 21346 | Volcano  | Paralysed by an ogre mage for 4 turns
 21351 | Volcano  | Noticed a red draconian
 21398 | Volcano  | Killed a red draconian
 21398 | Volcano  | Reached skill level 15 in Dodging
 21407 | Volcano  | Reached XP level 14. HP: 63/75 MP: 15/21
 21426 | Volcano  | Received a gift from Okawaru
 21433 | Volcano  | Got a transparent scimitar {god gift}
 21560 | Lair:4   | Identified the +6 scimitar of the Land of Plenty {freeze,
                  | rF++ rN+ MR- SInv} (Okawaru gifted it to you in a volcano)
 23016 | Lair:6   | Entered Level 6 of the Lair of Beasts
 23162 | Lair:6   | Reached skill level 10 in Fighting
 23261 | Lair:6   | Received a gift from Okawaru
 23350 | Lair:6   | Found a staircase to the Slime Pits.
 23351 | Lair:6   | Found a viscous altar of Jiyva.
 23952 | Lair:6   | Found a burning altar of Makhleb.
 24347 | Lair:6   | Received a gift from Okawaru
 24473 | Lair:6   | Found a gateway to Hell.
 25005 | D:4      | Found a transporter.
 25259 | D:4      | Found a transporter.
 25286 | D:4      | Killed Nr616's ghost
 25395 | D:12     | Gained mutation: You can translocate small distances at
                  | will. [potion of mutation]
 25395 | D:12     | Gained mutation: You possess an exceptional clarity of
                  | mind. [potion of mutation]
 25395 | D:12     | Gained mutation: You expend magic power (3 MP) to
                  | strengthen your wands. [potion of mutation]
 25468 | D:12     | Found an iron altar of Okawaru.
 25520 | D:12     | Noticed Kirke
 25560 | D:12     | Killed Kirke
 25560 | D:12     | Reached XP level 15. HP: 73/81 MP: 18/22
 25687 | D:12     | Noticed Snorg
 25709 | D:12     | Received a gift from Okawaru
 25710 | D:12     | Got a faintly humming buckler {god gift}
 25760 | D:12     | Killed Snorg
 25804 | D:12     | Noticed Sonja
 25827 | D:12     | Identified the +2 buckler "Joshruag" {rF+ rC+ Dex+3}
                  | (Okawaru gifted it to you on level 12 of the Dungeon)
 25835 | D:12     | Killed Sonja
 26490 | D:13     | Found a gate to the Vaults.
 26612 | D:13     | Found Uxter's General Store.
 26638 | D:13     | Bought 2 potions of haste for 280 gold pieces
 26643 | D:13     | Bought 7 needles of paralysis for 58 gold pieces
 27675 | D:14     | Noticed Nessos
 27679 | D:14     | Killed Nessos
 27682 | D:14     | Noticed Rupert
 27702 | D:14     | Killed Rupert
 27813 | D:14     | Found Suegir's Distillery.
 27823 | D:14     | Bought a potion of cancellation for 80 gold pieces
 27913 | D:14     | Received a gift from Okawaru
 28097 | D:14     | Got a dazzling hunting sling
 28103 | D:14     | Identified the cursed +1 hunting sling of Dishonesty
                  | {venom, +Inv Str+4} (You found it on level 14 of the
                  | Dungeon)
 28129 | D:14     | Noticed Frances
 28149 | D:14     | Killed Frances
 28604 | D:15     | Entered Level 15 of the Dungeon
 28912 | D:15     | Received a gift from Okawaru
 28919 | D:15     | Found a staircase to the Depths.
 28949 | D:15     | Reached XP level 16. HP: 88/88 MP: 8/23
 29075 | D:15     | Found a transporter.
 29178 | D:15     | Found a shattered altar of Ashenzari.
 29337 | D:15     | Noticed Cosy's ghost (adept GrEE)
 29339 | D:15     | Found a transporter.
 30054 | Swamp:1  | Entered Level 1 of the Swamp
 30109 | Swamp:1  | Reached skill level 5 in Armour
 30176 | Swamp:1  | Received a gift from Okawaru
 31375 | Swamp:2  | Found a transporter.
 31384 | Swamp:2  | Identified the cursed +2 trident of Ecruerphu {venom, rC-
                  | Str+7}
 31388 | Swamp:2  | Found a transporter.
 31448 | Swamp:2  | Received a gift from Okawaru
 31458 | Swamp:2  | Got a scorched hat {god gift}
 31469 | Swamp:2  | Identified the +0 hat of the Illusory Hells {*Corrode rC+
                  | Dex+2} (Okawaru gifted it to you on level 2 of the Swamp)
 31615 | Swamp:2  | Found a transporter.
 31616 | Swamp:2  | Found a transporter.
 31646 | Swamp:2  | Found a transporter.
 32119 | Swamp:2  | Got a transparent bronze ring
 32121 | Swamp:2  | Identified the ring "Qoip Riu" {rN+ Dex+5} (You found it on
                  | level 2 of the Swamp)
 32125 | Swamp:2  | Got a glittering emerald amulet
 32126 | Swamp:2  | Identified the amulet "Fittyasku" {Acrobat rPois rC- Dex+3}
                  | (You found it on level 2 of the Swamp)
 32470 | Swamp:3  | Reached skill level 10 in Stealth
 32761 | Swamp:3  | Learned a level 1 spell: Animate Skeleton
 32765 | Swamp:3  | Learned a level 3 spell: Conjure Flame
 33246 | Swamp:4  | Entered Level 4 of the Swamp
 33336 | Swamp:4  | Reached XP level 17. HP: 85/94 MP: 18/24
 33395 | Swamp:4  | Learned a level 1 spell: Confusing Touch
 33486 | Swamp:4  | Reached skill level 1 in Spellcasting
 33829 | Swamp:4  | Received a gift from Okawaru
 33943 | Swamp:4  | Got a steaming buckler {god gift}
 33963 | Swamp:4  | Identified the +2 buckler of Blue Skies {Dex+4} (Okawaru
                  | gifted it to you on level 4 of the Swamp)
 34430 | Swamp:4  | Noticed the 27-headed Lernaean hydra
 34450 | Swamp:4  | Killed the 27-headed Lernaean hydra
 34678 | Swamp:4  | Got a decaying rune of Zot
 35064 | Snake:1  | Entered Level 1 of the Snake Pit
 35230 | Snake:1  | Learned a level 2 spell: Passwall
 35266 | Snake:1  | Reached skill level 5 in Spellcasting
 36206 | Snake:2  | Noticed Azrael
 36247 | Snake:2  | Killed Azrael
 36303 | Snake:2  | Found Taufulil's Assorted Antiques.
 36320 | Snake:2  | Bought a shiny buckler for 262 gold pieces
 36383 | Snake:2  | Found a runed gate.
 36388 | Snake:2  | Found a runed gate.
 36388 | Snake:2  | Found a runed gate.
 36389 | Snake:2  | Noticed Lufyqa Hiru's ghost (adept MfIE)
 36390 | Snake:2  | Noticed Sefexkig's ghost (adept MfIE)
 36390 | Snake:2  | Noticed Pedwao's ghost (adept DrWn)
 36561 | Snake:2  | Received a gift from Okawaru
 37342 | Snake:3  | Noticed Vashnia
 37767 | Snake:3  | Noticed Saint Roka
 37838 | Snake:3  | Killed Saint Roka
 37838 | Snake:3  | Reached XP level 18. HP: 102/102 MP: 13/29
 38189 | Snake:3  | Noticed Louise
 38489 | Snake:3  | Killed Louise
 38719 | Snake:3  | Killed Vashnia
 38864 | Snake:4  | Entered Level 4 of the Snake Pit
 38896 | Snake:4  | Found a frozen archway.
 38900 | IceCv    | Entered an ice cave
 39620 | IceCv    | Got a twisted shortbow
 39915 | IceCv    | Noticed an Ice Fiend
 40017 | IceCv    | Received a gift from Okawaru
 40084 | IceCv    | Killed an Ice Fiend
 40450 | Snake:4  | Found a runed door.
 40473 | Snake:4  | Noticed Ratty's ghost (journeyman DsNe)
 40514 | Snake:4  | Killed Ratty's ghost
 41008 | Snake:4  | Reached skill level 15 in Fighting
 42460 | Snake:4  | Got a serpentine rune of Zot
 43002 | Slime:1  | Entered Level 1 of the Pits of Slime
 43367 | Elf:1    | Entered Level 1 of the Elven Halls
 43432 | Elf:1    | Found Xole's General Store.
 43500 | Elf:1    | Reached skill level 10 in Spellcasting
 43592 | Elf:1    | Received a gift from Okawaru
 43653 | Elf:1    | Reached skill level 1 in Charms
 43653 | Elf:1    | Reached skill level 1 in Transmutations
 43664 | Elf:1    | Reached skill level 1 in Hexes
 43790 | Elf:1    | Reached skill level 1 in Earth Magic
 43796 | Elf:1    | Found Nyatree's General Store.
 43803 | Elf:1    | Reached skill level 1 in Necromancy
 43824 | Elf:1    | Reached XP level 19. HP: 109/109 MP: 26/34
 43860 | Elf:1    | Bought a manual of Fighting for 1656 gold pieces
 43916 | Elf:1    | Found Oliprapn's Food Shoppe.
 43961 | Elf:1    | Found Hiupnoocw's Weapon Boutique.
 44253 | Elf:1    | Identified the Grimoire of Conjuration
 44586 | Elf:2    | Learned a level 6 spell: Deflect Missiles
 44763 | Elf:2    | Found a runed gate.
 44763 | Elf:2    | Found a runed gate.
 44763 | Elf:2    | Found a runed gate.
 44850 | Elf:2    | Found Sainn's Antique Armour Emporium.
 45091 | Elf:2    | Received a gift from Okawaru
 45532 | Elf:2    | Reached skill level 10 in Armour
 46160 | Elf:3    | Entered Level 3 of the Elven Halls
 46356 | Elf:3    | Received a gift from Okawaru
 46590 | Elf:3    | Identified Roxanne's Handbook of Stones
 46590 | Elf:3    | Noticed Roxanne
 47043 | Elf:3    | Killed Roxanne
 47672 | Elf:3    | Identified the ring "Nobroakk" {*Tele rElec rN++ Str+2}
 47693 | Elf:3    | Gained mutation: You are clumsy. (Dex -2) [a cacodemon]
 47979 | Elf:3    | Reached XP level 20. HP: 76/116 MP: 31/35
 48901 | Elf:3    | Received a gift from Okawaru
 50128 | Elf:3    | Identified the Catalogue of Ashen Translocation
 50175 | Elf:3    | Got a brightly glowing diamond amulet
 50178 | Elf:3    | Identified the amulet "Otzump" {Inacc *Drain rN+ MR+ Int+8}
                  | (You found it on level 3 of the Elven Halls)
 50181 | Elf:3    | Got a bloodstained cloak
 50192 | Elf:3    | Identified the +0 cloak "Maekiat" {-Cast Regen+ Stlth+}
                  | (You found it on level 3 of the Elven Halls)
 50468 | Vaults:1 | Entered Level 1 of the Vaults
 50797 | Vaults:1 | Found Hashreti's Jewellery Boutique.
 50831 | Vaults:1 | Bought the ring "Tijuthret" {rPois rF- Str+6 Slay+5} for
                  | 1018 gold pieces
 51126 | Vaults:1 | Reached skill level 1 in Air Magic
 51177 | Vaults:1 | Reached skill level 5 in Charms
 51275 | Vaults:1 | Received a gift from Okawaru
 51330 | Vaults:1 | Got a blackened hat {god gift}
 51344 | Vaults:1 | Identified the +0 hat "Nasot" {rN+ MR++ Dex-3} (Okawaru
                  | gifted it to you on level 1 of the Vaults)
 52077 | Vaults:1 | Reached skill level 5 in Air Magic
 52237 | Vaults:1 | Found Riymauw's Magic Scroll Shoppe.
 52635 | Vaults:2 | Reached skill level 10 in Charms
 52720 | Vaults:2 | Received a gift from Okawaru
 53138 | Vaults:2 | Noticed Nikola
 53160 | Vaults:2 | Killed Nikola
 53160 | Vaults:2 | Reached XP level 21. HP: 75/124 MP: 28/36
 53327 | Vaults:2 | Found a portal to a secret trove of treasure.
 53512 | Vaults:2 | Learned a level 2 spell: Sticks to Snakes
 53598 | Vaults:2 | Received a gift from Okawaru
 55059 | Vaults:3 | Found a staircase to the Crypt.
 55105 | Vaults:3 | Found Cusa's Book Emporium.
 56187 | Vaults:3 | Received a gift from Okawaru
 57015 | Vaults:4 | Received a gift from Okawaru
 57027 | Vaults:4 | Got a faintly glowing falchion {god gift}
 57341 | Vaults:4 | Reached XP level 22. HP: 96/132 MP: 37/37
 57384 | Vaults:4 | Found a blossoming altar of Fedhas.
 58360 | Vaults:4 | Received a gift from Okawaru
 58361 | Vaults:4 | Got a shadowed robe {god gift}
 58760 | Depths:1 | Entered Level 1 of the Depths
 58895 | D:15     | Killed Cosy's ghost
 59347 | Depths:1 | Found a large runed door.
 59405 | Depths:1 | Got a smoking rapier
 60502 | Depths:1 | Found a large runed door.
 60543 | Depths:1 | Identified the ring "Highoj" {+Blink +Inv AC+1}
 60594 | Depths:1 | Noticed Cewnone's ghost (journeyman SpBe)
 60710 | Depths:1 | Noticed a caustic shrike
 60737 | Depths:1 | Killed a caustic shrike
 60737 | Depths:1 | Paralysed by a floating eye for 4 turns
 60798 | Depths:1 | Received a gift from Okawaru
 61053 | Depths:1 | Got a fine quarterstaff
 61153 | Depths:1 | Killed Cewnone's ghost
 61205 | Depths:2 | Paralysed by a floating eye for 3 turns
 61215 | Depths:1 | Reached skill level 1 in Conjurations
 61444 | Depths:2 | Noticed a caustic shrike
 61452 | Depths:2 | Killed a caustic shrike
 61662 | Depths:2 | Reached skill level 5 in Conjurations
 61681 | Depths:2 | Reached XP level 23. HP: 102/136 MP: 28/38
 61895 | Depths:2 | Found a one-way gate to the infinite horrors of the Abyss.
 62012 | Depths:2 | Received a gift from Okawaru
 62013 | Depths:2 | Got a polished long sword {god gift}
 62498 | Depths:2 | Found a one-way gate leading to the halls of Pandemonium.
 62565 | Depths:2 | Found Godiq's Jewellery Boutique.
 62565 | Depths:2 | Found Cenuduat's Gadget Emporium.
 62566 | Depths:2 | Found Nenat's Jewellery Boutique.
 62572 | Depths:2 | Bought a cursed ring of teleportation for 94 gold pieces
 62656 | Depths:3 | Noticed Boris
 62671 | Depths:3 | Killed Boris
 62846 | Depths:3 | Lost mutation: You can translocate small distances at will.
                  | [potion of mutation]
 62846 | Depths:3 | Lost mutation: You expend magic power (3 MP) to strengthen
                  | your wands. [potion of mutation]
 62846 | Depths:3 | Lost mutation: You are clumsy. (Dex -2) [potion of
                  | mutation]
 62846 | Depths:3 | Gained mutation: You are agile. (Dex +2) [potion of
                  | mutation]
 62846 | Depths:3 | Gained mutation: You have a pair of small horns on your
                  | head. [potion of mutation]
 63047 | Depths:3 | Received a gift from Okawaru
 63047 | Depths:3 | Reached skill level 10 in Conjurations
 63107 | Depths:3 | Noticed a caustic shrike
 63121 | Depths:3 | Killed a caustic shrike
 63127 | Depths:3 | Killed from afar by a deep troll earth mage

Vault maps used:
D:1:      dpeg_arrival_rooms_with_view
D:2:      uniq_terence, uniq_natasha, uniq_sigmund
D:3:      wander_river, serial_undead, serial_undead_f, serial_undead_b,
          serial_undead_e, serial_undead_a, fedhas_altar_4, uniq_grinder
D:4:      gammafunk_ghost_mausoleum, serial_bayou_pond_a
D:5:      temple_doors_e, first_ration, uniq_pikel
D:6:      yredelemnul_forgotten_temple_becter, lexackson_kobold_supper
D:8:      cheibrodos_frozen_isle, lair_entry_dummy, uniq_psyche
D:9:      grunt_pizzeria
D:10:     serial_gnoll_camp, gnoll_camp_mini_basic, gnoll_camp_mini_house,
          grums_kennel, gnoll_camp_mini_doghouse, uniq_urug, uniq_josephine
D:11:     hiddenorc1_lemuel, serial_shops, kennysheep_mini
D:12:     basic_altar, uniq_snorg, uniq_sonja, uniq_kirke
D:13:     grunt_vaults_entry_fortified, serial_shops, nicolae_shop_trees
D:14:     kennysheep_spiral_hall, serial_shops, kennysheep_little_box,
          hangedman_decor_push, minmay_quadrilaterals, uniq_nessos, uniq_rupert,
          uniq_frances
D:15:     hangedman_depths_entry_civil_slaughter, gammafunk_ghost_mausoleum,
          ashenzari_altar_1
Temple:   compressed_dpeg_circular_temple
Lair:1:   basic_altar
Lair:2:   minmay_snake_entry_guardpost_large, grunt_megastairs_4
Lair:3:   minmay_swamp_entry_reptiles, roderic_batcave, lemuel_fruit_tree,
          serial_bayou_shore_a, uniq_fannar
Lair:4:   nicolae_volcano_entry_vermiform, beast_lair_carwin_1
Lair:5:   hangedman_lair_unloving_vines, chequers_serial_rivers_large_a
Lair:6:   evil_forest, slime_altar_1
Swamp:1:  evilmike_swamp_ruin_house_6
Swamp:2:  gammafunk_the_bubble, evilmike_swamp_ruin_house_4
Swamp:3:  hangedman_swamp_lotus
Swamp:4:  swamp_old_school, swamp_pool4
Snake:2:  serial_shops, shop, gammafunk_ghost_cemetery, uniq_azrael
Snake:3:  uniq_vashnia, uniq_saint_roka, uniq_louise
Snake:4:  minmay_snake_end_coiled, ebering_ghost_reflecting_pool,
          portal_ice_cave_entry_pillars_four
Orc:1:    serial_shops, shop, basic_altar
Orc:2:    st_orc_pillars
Elf:1:    elf_arrival_001, serial_shops, shop_fountains,
          nicolae_shop_window_shopping, nicolae_shop_behind_doors, shop,
          minmay_elf_annihilation, st_stairs_11, corexii_checkpoint_a,
          serial_sigils_hangedman_snap, serial_sigils_hangedman_quiver,
          nooodl_food_tri
Elf:2:    serial_shops, nicolae_shop_temple_entry_statues_fountains
Elf:3:    elf_hall, st_stairs_13, dk_noncrumbling_2, uniq_roxanne
Vaults:1: nicolae_vaults_specimen_jars, vaults_mumra_hexcomb, v_alt_pattern_5,
          v_misc_25, vaults_mumra_minichess, nicolae_vaults_circle_grid_b,
          v_pattern_3, ontoclasm_vaults_eye, vaults_room_mumra_shop_pool,
          ontoclasm_vaults_pinch, v_rooms_4, nicolae_vaults_rhombus_6,
          vaults_dpeg_ring, serial_shops, shop
Vaults:2: nicolae_vaults_little_squares_4, hangedman_vaults_nails,
          vaults_room_semicircle, vaults_room_semicircle, nicolae_vaults_theta,
          nicolae_vaults_network_star, grunt_vaults_funnel,
          nicolae_vaults_circle_grid_a, vaults_room_semicircle,
          ontoclasm_vaults_twist, nicolae_trove_entry_path_of_doom, uniq_nikola
Vaults:3: minmay_crypt_entry_simple_statues, v_misc_29, hangedman_vaults_stream,
          vaults_room_boxed, grunt_vaults_hallway_short,
          nicolae_vaults_network_square, ontoclasm_vaults_shuriken,
          vaults_room_hallway, vaults_room_ringed_pool, hangedman_vaults_slice,
          v_misc_18, serial_shops, nicolae_shop_temple_entry_statues_fountains
Vaults:4: grunt_vaults_hallway_long, dpeg_vaults_monster_row,
          grunt_vaults_hallway_long, v_misc_2, nicolae_vaults_little_squares_4,
          hangedman_vaults_capsules, hangedman_vaults_stagger,
          nicolae_vaults_theta, vaults_room_hallway, v_misc_28, v_rooms_3,
          basic_altar
Depths:1: special_room, minmay_misc_feat_pillars, hell_entry,
          ebering_ghost_disaster_area, marbit_kobold_abyss_entry,
          hangedman_decor_opposing, minmay_misc_feat_doors,
          grunt_decor_one_mirror, spider_trap, minivault_10,
          minmay_checkered_concentric_circles
Depths:2: evilmike_cross, hell_entry, rand_demon_pan_entry_8,
          nicolae_abyss_entry_one_way_or_another, minmay_shop_grove,
          serial_bayou_shore_b, minmay_staircase_statues_hall_small
Depths:3: hangedman_spin_cycle, hell_entry, abyss_entry, pan_entry,
          serial_shops, uniq_boris
IceCv:    ice_cave_caverns_02
Volcano:  kennysheep_volcano_temple

Skill      XL: |  1  2  3  4  5  6  7  8  9 10 11 12 13 14 15 16 17 18 19 20 21 22 23 |
---------------+----------------------------------------------------------------------+-----
Long Blades    | 2 3 4 5 6 7 8 9 10 11 12 13 14 | 14.0
Dodging        | 5 6 7 8 9 11 12 13 15 17 18 20 | 20.6
Fighting       | 3 4 6 8 9 10 11 12 14 15 16 18 20 | 20.2
Evocations     | 3 6 8 |  8.0
Invocations    | 2 4 6 8 |  8.0
Shields        | 3 5 7 |  7.2
Stealth        | 8 10 | 10.0
Armour         | 1 4 5 7 8 11 12 14 | 14.8
Spellcasting   | 7 10 | 10.0
Charms         | 2 4 10 | 10.0
Transmutations | 1 4 |  4.0
Hexes          | 1 4 |  4.0
Earth Magic    | 1 4 |  4.0
Necromancy     | 1 2 |  2.0
Air Magic      | 6 |  6.0
Conjurations   | 5 10 | 10.0

Action                   |  1- 3 |  4- 6 |  7- 9 | 10-12 | 13-15 | 16-18 | 19-21 | 22-24 || total
-------------------------+-------+-------+-------+-------+-------+-------+-------+-------++-------
Melee: Long sword        |    98 |   172 |   448 |   105 |       |       |       |       ||   823
       Dagger            |       |       |   270 |   624 |       |       |       |       ||   894
       Demon blade       |       |       |       |   749 |  2458 |  3074 |  2335 |   896 ||  9512
       Quick blade       |       |       |       |       |    28 |       |    55 |     6 ||    89
       Headbutt          |       |       |       |       |       |       |       |    19 ||    19
 Fire: Blowgun           |       |       |       |     6 |       |       |       |       ||     6
Throw: Throwing net      |       |       |       |       |       |     4 |     4 |       ||     8
 Cast: Confusing Touch   |       |       |       |       |       |     9 |     4 |       ||    13
       Conjure Flame     |       |       |       |       |       |    15 |     3 |       ||    18
       Regeneration      |       |       |       |       |       |     1 |       |    11 ||    12
       Deflect Missiles  |       |       |       |       |       |       |       |     6 ||     6
       Passwall          |       |       |       |       |       |       |       |     3 ||     3
Invok: Heroism           |       |       |     1 |    18 |     6 |     9 |     5 |     3 ||    42
       Finesse           |       |       |       |    10 |     4 |     7 |     5 |     2 ||    28
 Abil: Evoke Flight      |       |       |       |       |     5 |       |       |       ||     5
       Blink             |       |       |       |       |       |     5 |     6 |       ||    11
Evoke: Wand              |       |       |     7 |     6 |    62 |    86 |     6 |     3 ||   170
       Box of beasts     |       |       |       |       |       |     2 |       |       ||     2
       Lightning rod     |       |       |       |       |       |       |       |     4 ||     4
  Use: Scroll            |     2 |       |     8 |    12 |    11 |     7 |    10 |     1 ||    51
       Potion            |     1 |     3 |     3 |     5 |     4 |     6 |     4 |     2 ||    28
 Stab: Sleeping          |     2 |       |     1 |     1 |    16 |    22 |    28 |    17 ||    87
       Confused          |       |       |       |     6 |       |    26 |     3 |     1 ||    36
       Distracted        |       |       |       |       |     7 |     7 |     7 |     6 ||    27
       Held in net/web   |       |       |       |       |       |     4 |     5 |       ||     9
       Paralysed         |       |       |       |       |       |       |       |     3 ||     3
  Eat: Ration            |       |     3 |     3 |     8 |    18 |    10 |     9 |     8 ||    59
Armor: Robe              |     5 |    11 |    23 |     2 |       |       |       |       ||    41
       Skin              |       |     1 |       |    12 |       |       |       |       ||    13
       Troll leather arm |       |       |       |    50 |   115 |    44 |       |       ||   209
       Swamp dragon scal |       |       |       |       |       |   174 |   100 |       ||   274
       Acid dragon scale |       |       |       |       |       |     6 |       |       ||     6
       Shadow dragon sca |       |       |       |       |       |       |    51 |    92 ||   143
Dodge: Dodged            |    89 |   113 |   485 |   928 |  1738 |  2387 |  1247 |   531 ||  7518
       Deflected         |       |       |       |       |       |       |       |    16 ||    16
Block: Buckler           |    30 |    57 |   194 |   365 |   941 |  1306 |   675 |   313 ||  3881
       Rpst.: Long sword |    23 |    34 |   106 |    28 |       |       |       |       ||   191
       Demon blade       |       |       |       |   126 |   476 |   436 |   289 |   112 ||  1439

Table legend:
 A = Non-vault XP
 B = Vault XP
 C = Vault XP percentage of total XP
 D = Non-vault monster count
 E = Vault monster count
 F = Vault count percentage of total count
                 A         B        C        D         E       F
            +---------+---------+-------+---------+---------+-------
      Total |  494663 |  403694 |  44.9 |    1306 |     672 |  34.0
            +---------+---------+-------+---------+---------+-------
        D:1 |      45 |      39 |  46.4 |      16 |       3 |  15.8
        D:2 |     213 |     504 |  70.3 |      24 |       3 |  11.1
        D:3 |      56 |      74 |  56.9 |      18 |       5 |  21.7
        D:4 |     296 |     472 |  61.5 |      10 |       6 |  37.5
        D:5 |     435 |     607 |  58.3 |      14 |       1 |   6.7
        D:6 |    1238 |     113 |   8.4 |      29 |       9 |  23.7
        D:7 |    1240 |       0 |   0.0 |      41 |       0 |   0.0
        D:8 |    1671 |    2607 |  60.9 |      18 |      13 |  41.9
        D:9 |    3180 |    2356 |  42.6 |      48 |       7 |  12.7
       D:10 |    2341 |    1734 |  42.6 |      28 |      22 |  44.0
       D:11 |    3173 |     298 |   8.6 |      19 |      17 |  47.2
       D:12 |    9507 |    3980 |  29.5 |      55 |       3 |   5.2
       D:13 |    9501 |    6038 |  38.9 |      37 |      10 |  21.3
       D:14 |    6379 |    8795 |  58.0 |      24 |      13 |  35.1
       D:15 |   19485 |   12831 |  39.7 |      43 |      18 |  29.5
     Lair:1 |    3764 |       0 |   0.0 |      16 |       0 |   0.0
     Lair:2 |    2795 |    1223 |  30.4 |      12 |       6 |  33.3
     Lair:3 |    8260 |    1941 |  19.0 |      31 |      15 |  32.6
     Lair:4 |    5287 |    2664 |  33.5 |      19 |      10 |  34.5
     Lair:5 |    7339 |       0 |   0.0 |      20 |       0 |   0.0
     Lair:6 |   13312 |    9286 |  41.1 |      48 |      26 |  35.1
    Swamp:1 |   16377 |       0 |   0.0 |      48 |       0 |   0.0
    Swamp:2 |   11864 |    5219 |  30.6 |      26 |      10 |  27.8
    Swamp:3 |   16181 |     967 |   5.6 |      45 |       1 |   2.2
    Swamp:4 |   15642 |   16443 |  51.2 |      43 |      22 |  33.8
    Snake:1 |   15966 |       0 |   0.0 |      28 |       0 |   0.0
    Snake:2 |   13427 |    2828 |  17.4 |      22 |       6 |  21.4
    Snake:3 |   12762 |   16141 |  55.8 |      25 |      18 |  41.9
    Snake:4 |    9919 |   26699 |  72.9 |      19 |      38 |  66.7
    Slime:1 |     518 |       0 |   0.0 |       2 |       0 |   0.0
      Orc:1 |    4218 |       0 |   0.0 |      27 |       0 |   0.0
      Orc:2 |    3931 |   11373 |  74.3 |      21 |      63 |  75.0
      Elf:1 |   24782 |   11887 |  32.4 |      39 |      21 |  35.0
      Elf:2 |   17388 |   22470 |  56.4 |      30 |      28 |  48.3
      Elf:3 |   21159 |   46262 |  68.6 |      34 |      31 |  47.7
   Vaults:1 |   30414 |   26334 |  46.4 |      47 |      39 |  45.3
   Vaults:2 |   26421 |   22218 |  45.7 |      47 |      28 |  37.3
   Vaults:3 |   38712 |   17716 |  31.4 |      54 |      30 |  35.7
   Vaults:4 |   45183 |   26175 |  36.7 |      74 |      30 |  28.8
   Depths:1 |   45617 |   27752 |  37.8 |      75 |      19 |  20.2
   Depths:2 |   24665 |   14204 |  36.5 |      30 |      12 |  28.6
   Depths:3 |       0 |   36217 | 100.0 |       0 |      31 | 100.0
      IceCv |       0 |    9514 | 100.0 |       0 |      50 | 100.0
    Volcano |       0 |    7713 | 100.0 |       0 |       8 | 100.0
            +---------+---------+-------+---------+---------+-------
